 Dungeon Crawl Stone Soup version 0.24-a0-459-g225fefd530 (webtiles) character file.

Game seed: 7386529255049510700

3056 Craser22 the Severer (level 9, 0/70 HPs)
             Began as a Minotaur Berserker on June 29, 2019.
             Was an Elder of Trog.
             Slain by a death yak (22 damage)
             ... on level 8 of the Dungeon.
             The game lasted 00:18:45 (5511 turns).

Craser22 the Severer (Minotaur Berserker)           Turns: 5511, Time: 00:18:45

Health: 0/70       AC: 11    Str: 21    XL:     9   Next: 57%
Magic:  8/8        EV: 11    Int:  4    God:    Trog [****..]
Gold:   325        SH:  0    Dex: 14    Spells: 8/8 levels left

rFire    + . .     SeeInvis .   E - +0 battleaxe
rCold    + . .     Gourm    .   (shield currently unavailable)
rNeg     . . .     Faith    .   s - +3 ring mail
rPois    .         Spirit   .   (helmet restricted)
rElec    .         Reflect  .   u - +1 cloak
rCorr    .         Harm     .   e - +0 pair of gloves
MR       .....                  (no boots)
Stlth    +.........             (no amulet)
HPRegen  0.21/turn              k - ring of protection from cold
MPRegen  0.11/turn              g - ring of protection from fire

@: berserk cooldown, slowed, very slow
A: retaliatory headbutt, horns 2
a: Berserk, Trog's Hand, Brothers in Arms, Renounce Religion


You were on level 8 of the Dungeon.
You worshipped Trog.
Trog was greatly pleased with you.
You were not hungry.

You visited 1 branch of the dungeon, and saw 8 of its levels.

You collected 325 gold pieces.


Innate Abilities, Weirdness & Mutations

You reflexively headbutt those who attack you in melee.
You have a pair of horns on your head.


   Skills:
 - Level 3.6 Fighting
 + Level 15.4 Axes
 - Level 2.4 Armour
 - Level 2.1 Dodging


You had 8 spell levels left.
You didn't know any spells.
Your spell library was empty.

Inventory:

Hand Weapons
 D - a +3 dire flail
 E - a +0 battleaxe (weapon)
Missiles
 d - 429 stones (quivered)
 l - 6 boomerangs
Armour
 e - a +0 pair of gloves (worn)
 s - a +3 ring mail (worn)
 u - a +1 cloak (worn)
 x - a +0 plate armour
Jewellery
 g - a ring of protection from fire (right hand)
 k - a ring of protection from cold (left hand)
Scrolls
 a - 2 scrolls of amnesia {unknown}
 i - 7 scrolls of remove curse
 p - 2 scrolls of enchant armour {unknown}
 w - a scroll of immolation {unknown}
 C - a scroll of noise {unknown}
Potions
 b - 2 potions of flight {unknown}
 f - a potion of berserk rage {unknown}
 h - 8 potions of curing {@q1}
 j - a potion of cancellation {unknown}
 n - a potion of ambrosia {unknown}
 o - a potion of mutation {unknown}
 t - a potion of degeneration {unknown}
 v - a potion of might {unknown}
 B - 2 potions of heal wounds {unknown}
Comestibles
 c - 12 rations

Dungeon Overview and Level Annotations

Branches:
Dungeon (8/15)             Temple (0/1) D:5            Lair (0/6) D:8

Altars:
Okawaru

Annotations:
D:7 dig

▒▒▒▒▒▒.▒▒ ▒.▒ .▒
▒.▒▒ ...▒ ▒.▒
▒.▒▒ ..... ▒.▒.
▒▒▒▒▒▒▒▒.▒▒
.....
▒.▒.▒▒▒........▒
...... ▒.▒
..▒.▒▒▒▒▒▒▒▒
>....o▒▒.▒ ▒.▒.▒
▒▒▒ .....oo..▒
▒.▒(▒▒ ..p.
.p...rYHY▒
▒....▒ .▒▒▒
......Y▒†▒
▒....▒
.......▒.▒
▒....▒
▒....▒▒▒.▒
▒....▒ ▒....
▒.▒▒▒....▒ ▒...
▒.▒......▒ ▒▒▒
▒.▒.▒▒▒.▒▒ ▒...▒
▒... ▒▒▒▒▒ ▒▒▒▒▒


You could see 3 death yaks, an orc wizard, a river rat, 2 orcs and a neutral
freed slave (wandering).


Message History

a hell rat corpse You are too hungry to fight recklessly!
You are too hungry to fight recklessly!
You are too hungry to fight recklessly!
You slice the quokka!!
You kill the quokka!
Trog accepts your kill.
You slash the quokka!
You kill the quokka!
Trog accepts your kill.
You hit the death yak.
The death yak is lightly wounded.
The death yak closely misses you.
You eat one of the 13 rations.
That ration really hit the spot!
You hit the death yak.
The death yak is lightly wounded.
You are no longer berserk.
You are exhausted.
You feel yourself slow down.
The death yak gores you but does no damage.
The river rat barely misses you.
The death yak gores you but does no damage.
The death yak gores you!
* * * LOW HITPOINT WARNING * * *
The orc wizard casts a spell at you. The magic dart hits you.
* * * LOW HITPOINT WARNING * * *
The death yak gores you!!
You die...

Action                   |  1- 3 |  4- 6 |  7- 9 || total
-------------------------+-------+-------+-------++-------
Melee: Hand axe          |   103 |     2 |       ||   105
       Headbutt          |    15 |     6 |    47 ||    68
       War axe           |       |    69 |   184 ||   253
       Battleaxe         |       |       |    26 ||    26
Invok: Berserk           |       |     2 |     5 ||     7
  Use: Scroll            |       |     4 |     2 ||     6
  Eat: Chunk             |     2 |     4 |     9 ||    15
       Ration            |       |     1 |     1 ||     2
Armor: Ring mail         |     4 |       |    44 ||    48
       Scale mail        |    22 |       |       ||    22
       Chain mail        |    11 |    22 |       ||    33
       Plate armour      |       |     5 |    31 ||    36
Dodge: Dodged            |    50 |    27 |    79 ||   156

Levels and vault maps discovered:
D:1:      roderic_crossed_star, layout_basic
D:2:      layout_loops_ring
D:3:      layout_basic
D:4:      layout_rooms, uniq_menkaure
D:5:      layout_rooms, okawaru_gym_becter, temple_fountains, first_ration,
          uniq_duvessa
D:6:      layout_loops_corners, uniq_prince_ribbit1
D:7:      layout_loops_ring, the_bakery, grunt_ministairs_9, roderic_lattice_a,
          due_unseen_surprise
D:8:      layout_basic, dpeg_lair_monsters, uniq_pikel

Notes
Turn   | Place    | Note
-------+----------+-------------------------------------------
     0 | D:1      | Craser22 the Minotaur Berserker began the quest for the
                  | Orb.
     0 | D:1      | Reached XP level 1. HP: 19/19 MP: 0/0
   102 | D:1      | Reached skill level 4 in Axes
   300 | D:1      | Reached XP level 2. HP: 26/26 MP: 1/1
   730 | D:2      | Reached skill level 5 in Axes
   896 | D:2      | Reached XP level 3. HP: 31/31 MP: 2/2
   957 | D:2      | Reached ** piety under Trog
  1426 | D:3      | Reached skill level 6 in Axes
  1426 | D:3      | Reached XP level 4. HP: 23/39 MP: 3/3
  1912 | D:3      | Reached skill level 7 in Axes
  1912 | D:3      | Reached XP level 5. HP: 35/45 MP: 4/4
  2207 | D:4      | Noticed Menkaure
  2214 | D:4      | Killed Menkaure
  2214 | D:4      | Reached skill level 8 in Axes
  2214 | D:4      | Reached XP level 6. HP: 28/51 MP: 5/5
  2460 | D:4      | Reached *** piety under Trog
  2690 | D:5      | Entered Level 5 of the Dungeon
  2710 | D:5      | Reached skill level 9 in Axes
  2736 | D:5      | Noticed an ice beast
  2756 | D:5      | Killed an ice beast
  2756 | D:5      | Reached XP level 7. HP: 57/57 MP: 6/6
  2810 | D:5      | Found a staircase to the Ecumenical Temple.
  2823 | D:5      | Reached skill level 10 in Axes
  2899 | D:5      | Reached skill level 11 in Axes
  3134 | D:5      | Found an iron altar of Okawaru.
  3175 | D:5      | Noticed Duvessa
  3175 | D:5      | Noticed Dowan
  3182 | D:5      | Killed Dowan
  3186 | D:5      | Killed Duvessa
  3186 | D:5      | Reached XP level 8. HP: 64/64 MP: 7/7
  3498 | D:6      | Reached skill level 12 in Axes
  3607 | D:6      | Noticed Prince Ribbit
  3620 | D:6      | Killed Prince Ribbit
  4005 | D:6      | Reached skill level 13 in Axes
  4623 | D:7      | Reached **** piety under Trog
  4776 | D:7      | Reached XP level 9. HP: 64/70 MP: 8/8
  4810 | D:7      | Reached skill level 14 in Axes
  5236 | D:8      | Identified a +1 robe of resistance
  5236 | D:8      | Noticed Pikel
  5243 | D:8      | Killed Pikel
  5243 | D:8      | Reached skill level 15 in Axes
  5496 | D:8      | Noticed a death yak
  5498 | D:8      | Noticed a death yak
  5506 | D:8      | Noticed a death yak
  5511 | D:8      | Found a staircase to the Lair.
  5511 | D:8      | Slain by a death yak

Vanquished Creatures
  Pikel (D:8)
  Prince Ribbit (D:6)
  A spriggan (D:7)
  Menkaure (D:4)
  Duvessa (D:5)
  A water moccasin (D:7)
  3 ice beasts
  2 ogres
  2 phantoms (D:7)
  A centaur (D:5)
  2 bullfrogs (D:7)
  Dowan (D:5)
  5 wights (D:7)
  3 howler monkeys
  2 crimson imps
  A bullfrog zombie (D:5)
  2 hounds (D:6)
  A jelly (D:6)
  A centaur skeleton (D:5)
  5 orc wizards
  2 iguanas
  3 hell rats (D:8)
  A worker ant (D:7)
  A hound skeleton (D:7)
  4 gnolls (D:3)
  7 adders
  2 shadow imps
  An adder zombie (D:6)
  An adder skeleton (D:7)
  2 worms
  A dart slug (D:2)
  5 leopard geckos
  18 orcs
  7 giant cockroaches
  9 goblins
  7 hobgoblins
  5 jackals
  5 quokkas
  2 ball pythons
  4 bats
  2 frilled lizards
  7 kobolds
  10 rats
143 creatures vanquished.

Vanquished Creatures (others)
  An orc wizard (D:8)
  2 orcs (D:8)
3 creatures vanquished.

Grand Total: 146 creatures vanquished
